Map: Lerilak Crest

Players

LiquidSnute (Snute)

  • Race: Zerg Zerg
  • League: Grandmaster

HyuN - Winner!

  • Race: Zerg Zerg

Event: Homestory Cup XII

VOD

Have the link to the VOD?

Description

Time

  • Played on: Dec. 19, 2015, 2:02 p.m.
  • Length: 9:13

All games in this series

Show
View Real Time Build Order
Export as new Build Order

LiquidSnute Zerg 

Build Orders: Pool First, Zergling Baneling 

Get SALT Encoding   

  12  0:00  Drone  
  13  0:08  Drone  
  14  0:18  Drone, Extractor  
  14  0:32  Spawning Pool  
  14  0:35  Drone  
  14  0:42  Drone, Extractor  
  15  0:50  Overlord  
  15  1:18  Metabolic Boost, Queen  
  15  1:19  Zergling x2  
  15  1:21  Zergling x2  
  15  1:25  Zergling x2  
  20  1:30  Zergling x2  
  21  1:40  Baneling Nest  
  21  1:42  Zergling x2  
  21  1:52  Zergling x2  
  22  2:02  Overlord  
  22  2:21  Zergling x2  
  23  2:26  Zergling x8  
  27  2:37  Overlord  
  23  2:51  Zergling x2  
  23  2:54  Baneling x4  
  23  2:58  Zergling x4  
  26  3:04  Baneling  
  23  3:21  Zergling x6  
  23  3:24  Baneling x2  
  22  3:28  Baneling  
  22  3:35  Hatchery, Zergling x2  
  22  3:42  Drone  
  22  3:46  Drone  
  24  3:59  Drone x2  
  24  4:04  Baneling x2  
  24  4:05  Drone  
  24  4:09  Drone  
  26  4:13  Drone  
  27  4:20  Drone  
  27  4:21  Drone  
  29  4:31  Queen  
  29  4:37  Drone x2  
  33  4:41  Drone  
  33  4:42  Drone  
  35  4:46  Drone  
  35  4:49  Drone  
  37  4:58  Roach Warren  
  36  5:08  Overlord  
  35  5:25  Drone x3  
  38  5:38  Roach x5  
  38  5:40  Roach x2  
  38  5:41  Overlord  
  52  5:43  Overlord  
  50  6:02  Drone x4  
  50  6:03  Drone  
  54  6:10  Extractor  
  53  6:12  Drone x3  
  53  6:13  Drone x2  
  53  6:14  Drone  
  53  6:15  Drone  
  53  6:16  Extractor  
  59  6:26  Overlord  
  59  6:27  Roach  
  61  6:35  Roach  
  61  6:38  Roach  
  65  6:42  Overlord x2  
  65  6:46  Roach  
  65  6:47  Roach  
  69  6:54  Roach x2  
  69  6:55  Roach  
  69  6:57  Hatchery  
  69  6:59  Overlord  
  74  7:06  Ravager x3  
  77  7:09  Roach x2  
  81  7:17  Ravager  
  82  7:23  Queen  
  82  7:25  Roach x3  
  82  7:29  Roach  
  92  7:30  Overlord  
  92  7:33  Roach  
  94  7:37  Roach  
  94  7:38  Roach  
  98  7:44  Overlord  
  98  7:49  Roach x3  
  98  7:50  Roach  
  106  7:51  Overlord  
  106  7:52  Overlord  
  106  7:59  Overlord  
  106  8:04  Roach x3  
  112  8:09  Roach  
  107  8:20  Roach x4  
  107  8:24  Roach  
  107  8:25  Roach  
  119  8:30  Roach x2  
  119  8:33  Roach  
  125  8:37  Zergling x6  
  110  8:50  Roach  
  110  8:51  Roach x2  
Show
View Real Time Build Order
Export as new Build Order

HyuN Zerg - Winner!

Build Orders: Pool First, Zergling Baneling 

Get SALT Encoding   

  12  0:00  Drone  
  13  0:12  Overlord  
  13  0:16  Drone  
  14  0:30  Drone x2  
  14  0:34  Drone  
  17  0:44  Extractor  
  17  0:48  Spawning Pool  
  17  0:49  Drone  
  16  0:56  Drone  
  17  1:15  Hatchery  
  16  1:19  Drone  
  17  1:35  Queen  
  17  1:36  Zergling x2  
  20  1:41  Overlord  
  20  1:48  Metabolic Boost  
  20  1:52  Zergling x2  
  21  1:56  Zergling x2  
  22  2:08  Baneling Nest  
  21  2:14  Queen  
  23  2:20  Zergling x2  
  24  2:23  Zergling x2  
  24  2:28  Zergling x2  
  26  2:32  Zergling x2  
  27  2:37  Zergling x2  
  27  2:43  Zergling x4  
  28  2:47  Zergling x2  
  26  2:55  Baneling x2  
  26  2:56  Baneling x2  
  26  3:22  Queen x2  
  26  3:26  Baneling x3  
  29  3:27  Baneling  
  29  3:36  Drone x2  
  29  3:38  Drone  
  32  4:01  Drone  
  32  4:02  Drone x3  
  35  4:06  Baneling x3  
  35  4:10  Overlord  
  35  4:20  Overlord  
  35  4:29  Drone x4  
  39  4:34  Drone  
  39  4:35  Drone  
  39  4:36  Drone x2  
  43  4:47  Drone  
  43  4:48  Roach Warren  
  43  4:49  Drone  
  44  4:54  Drone x2  
  44  4:57  Drone  
  47  5:00  Extractor  
  45  5:07  Overlord x2  
  45  5:10  Drone x2  
  47  5:16  Overlord x2  
  46  5:33  Drone x2  
  47  5:36  Roach x6  
  61  5:43  Roach  
  61  5:48  Roach x3  
  66  6:00  Drone x2  
  68  6:05  Drone x2  
  68  6:07  Evolution Chamber  
  69  6:15  Drone x2, Overlord  
  71  6:19  Hatchery  
  71  6:20  Lair, Drone  
  71  6:23  Drone  
  72  6:27  Zergling x2  
  72  6:29  Drone  
  72  6:30  Drone  
  75  6:34  Zerg Missile Weapons Level 1  
  75  6:36  Extractor  
  74  6:41  Roach x2  
  74  6:44  Roach x3  
  84  6:47  Overlord  
  84  7:08  Drone x5  
  84  7:12  Roach  
  84  7:14  Overlord x2  
  90  7:20  Glial Reconstitution  
  90  7:25  Overlord x4  
  90  7:31  Overseer  
  90  7:33  Roach x2  
  90  7:34  Roach  
  96  7:43  Roach x7  
  110  7:45  Roach  
  110  7:47  Zergling x2  
  113  7:53  Roach x3  
  119  8:03  Roach  
  119  8:05  Roach x2  
  125  8:12  Roach x4  
  116  8:22  Roach x4  
  116  8:23  Roach  
  116  8:26  Roach  
  122  8:27  Zergling x2  
  122  8:28  Zergling x2  
  122  8:33  Roach x2  
  128  8:34  Zergling x2  
  128  8:37  Zergling x6  
  118  8:52  Roach x6  
  118  8:54  Roach  
Tags
 
Add a new tag
Caveats
  • Supply blocks, unpowered buildings, or Contaminate may cause inaccurate times.
  • Supply counts are checked every 10 seconds.